 Dungeon Crawl Stone Soup version 0.29-a0-284-gf9362112df (webtiles) character file.

Game seed: 11510088091148214236

585788 frimble the Sensei (level 27, -5/330 HPs)
             Began as a Djinni Warper on Mar 18, 2022.
             Was the Champion of Cheibriados.
             Slain by a shadow dragon (11 damage)
             ... on level 4 of the Realm of Zot.
             The game lasted 02:06:53 (66973 turns).

frimble the Sensei (Djinni Warper)                 Turns: 66973, Time: 02:06:54

Health: -5/330     AC: 32    Str: 49    XL:     27
Gold:   4409       EV: 28    Int: 34    God:    Cheibriados [******] SH: 16 Dex: 36

rFire   + + +      SeeInvis +     - Unarmed
rCold   + + +      Faith    .   Y - +2 buckler {AC+3}
rNeg    . . .      Spirit   .   j - +4 gold dragon scales
rPois   ∞          Reflect  +   S - +3 crown of Dyrovepreva {rElec Int+2 SInv}
rElec   +          Harm     .   m - +0 cloak of Undesirable Species {rC++ rCorr Str+8 Int-4}
rCorr   +          Rampage  .   M - +2 pair of gloves
Will    ++++.                   (boots unavailable)
Stlth   ..........              N - amulet "Jaumaz" {Reflect Fragile Will+ Str+4 Int+2 SH+5}
HPRegen 0.65/turn               U - ring "Tofuadgh" {rC++ Str+6}
MPRegen 0.00/turn               Z - ring "Aczeoxt" {Will+ Str+6 Int-2 Slay+4}

@: berserking (expiring), flying, very slow
A: sickness immunity, fire resistance 2, cold vulnerability 1, float, innate
caster, HP casting, extra vitality 1, claws 1, mutation resistance 1
}: 3/15 runes: decaying, silver, gossamer
a: Renounce Religion, Bend Time, Temporal Distortion, Slouch, Step From Time


You were on level 4 of the Realm of Zot.
You worshipped Cheibriados.
Cheibriados was exalted by your worship.
You visited 10 branches of the dungeon, and saw 48 of its levels.
You visited the Abyss 2 times.
You also visited: Trove, Ossuary, Gauntlet and Desolation.

You collected 8417 gold pieces.
You spent 4008 gold pieces at shops.

Inventory:

Missiles
 g - 12 silver javelins
 l - 3 throwing nets
 B - 10 javelins
Armour
 j - +4 gold dragon scales (worn)
 m - the +0 cloak of Undesirable Species (worn) {rC++ rCorr Str+8 Int-4}
   (You found it on level 3 of the Elven Halls)

   Str:       It affects your strength (+8).
   Int:       It affects your intelligence (-4).
   rC:        It greatly protects you from cold.
   rCorr:     It protects you from acid and corrosion.
 J - a +4 troll leather armour
 M - a +2 pair of gloves (worn)
 S - the +3 crown of Dyrovepreva (worn) {rElec Int+2 SInv}
   (You found it in a Gauntlet)

   Int:       It affects your intelligence (+2).
   rElec:     It insulates you from electricity.
   SInv:      It lets you see invisible.
 Y - a +2 buckler of protection (worn)
Jewellery
 c - a ring of ice
 z - the ring "Logaxzum" {Str+4 Int+5 SInv Stlth+}
   (You found it in the Desolation of Salt)

   [ring of see invisible]

   Str:       It affects your strength (+4).
   Int:       It affects your intelligence (+5).
   SInv:      It lets you see invisible.
   Stlth:     It makes you more stealthy.
 H - the ring "Tyisa" {Drain rPois rF+ Dex+5}
   (You took it off a servant of whispers in the Desolation of Salt)

   [ring of protection from fire]

   Dex:       It affects your dexterity (+5).
   rF:        It protects you from fire.
   rPois:     It protects you from poison.
   Drain:     It drains your maximum health when unequipped.
 L - a ring of willpower
 N - the amulet "Jaumaz" (around neck) {Reflect Fragile Will+ Str+4 Int+2 SH+5}
   (You found it in a treasure trove)

   [amulet of reflection]

   It reflects blocked missile attacks.
   Str:       It affects your strength (+4).
   Int:       It affects your intelligence (+2).
   Fragile:   It will be destroyed if unequipped.
   SH:        It affects your SH (+5).
   Will:      It increases your willpower.
 U - the ring "Tofuadgh" (left hand) {rC++ Str+6}
   (You found it in a treasure trove)

   [ring of strength]

   Str:       It affects your strength (+6).
   rC:        It greatly protects you from cold.
 V - a ring of resist corrosion
 X - the ring of the Hare {EV+8}
   (You took it off a deep elf elementalist on level 3 of the Elven Halls)

   [ring of evasion]

   EV:        It affects your evasion (+8).
 Z - the ring "Aczeoxt" (right hand) {Will+ Str+6 Int-2 Slay+4}
   (You found it in the Desolation of Salt)

   [ring of strength]

   Str:       It affects your strength (+6).
   Int:       It affects your intelligence (-2).
   Slay:      It affects your accuracy & damage with ranged weapons and melee
   (+4).
   Will:      It increases your willpower.
Wands
 a - a wand of polymorph (13)
 d - a wand of iceblast (19)
 o - a wand of mindburst (9)
 y - a wand of paralysis (21)
 A - a wand of digging (29)
 O - a wand of acid (17)
 P - a wand of charming (20)
 R - a wand of flame (132)
Scrolls
 e - 14 scrolls of fear
 h - 3 scrolls of teleportation
 q - 12 scrolls of fog
 s - 2 scrolls of brand weapon
 t - 8 scrolls of enchant weapon
 u - a scroll of silence
 G - 8 scrolls of vulnerability
 I - 5 scrolls of magic mapping
 T - 2 scrolls of enchant armour
 W - 3 scrolls of holy word
Potions
 b - 2 potions of resistance
 f - 14 potions of might
 k - 5 potions of mutation
 n - 6 potions of attraction
 r - 6 potions of ambrosia
 v - 9 potions of haste
 w - 9 potions of brilliance
 x - 2 potions of cancellation
 C - 23 potions of curing
 D - 4 potions of lignification
 E - 8 potions of invisibility
 Q - 6 potions of berserk rage
Miscellaneous
 i - a phial of floods
 p - a condenser vane (inert)
 K - a box of beasts


   Skills:
 + Level 24.9 Fighting
 - Level 2.7(2.9) Short Blades
 - Level 1.4(2.3) Long Blades
 - Level 1.1 Throwing
 - Level 10.0 Armour
 - Level 17.7 Dodging
 - Level 10.0 Stealth
 - Level 7.3 Shields
 + Level 26.0 Unarmed Combat
 - Level 17.2 Spellcasting
 - Level 9.3 Invocations
 - Level 8.1 Evocations


You couldn't memorise any spells.
You knew the following spells:

 Your Spells              Type           Power      Damage    Failure   Level
a - Blink                 Tloc           100%       N/A       0%          2
b - Lesser Beckoning      Tloc           98%        N/A       1%          3
c - Gell's Gravitas       Tloc           98%        N/A       1%          3
d - Teleport Other        Tloc           98%        N/A       1%          3
e - Manifold Assault      Tloc           98%        N/A       1%          5
f - Sting                 Tmut/Pois      100%       1d8       0%          1
g - Corpse Rot            Necr/Air       100%       N/A       0%          2
h - Passwall              Tmut/Erth      81%        N/A       0%          2
i - Passage of Golubria   Tloc           98%        N/A       1%          4
j - Irradiate             Conj/Tmut      49%        3d29      1%          5
k - Yara's Violent Unrav  Hex/Tmut       49%        3d19      1%          5
l - Eringya's Noxious Bo  Tmut/Pois      49%        N/A       1%          6
m - Monstrous Menagerie   Summ           49%        N/A       9%          7
n - Dragon Form           Tmut           49%        N/A       9%          7
o - Lehudib's Crystal Sp  Conj/Erth      49%        10d12     56%         8
p - Infestation           Necr           49%        N/A       56%         8
q - Death's Door          Necr           49%        N/A       100%        9
r - Fire Storm            Conj/Fire      49%        8d12      100%        9
Your spell library was empty.


Dungeon Overview and Level Annotations

Branches:
Dungeon (15/15)            Temple (1/1) D:5            Lair (6/6) D:10
  Swamp (4/4) Lair:2       Spider (4/4) Lair:2          Orc (2/2) D:11
    Elf (3/3) Orc:2        Vaults (5/5) D:14          Crypt (0/3) Vaults:2
 Depths (4/4) D:15            Zot (4/5) Depths:4    Ossuary (visited)
Desolation (visited)      Gauntlet (visited)
  Slime: Lair:5-6

Altars:
Cheibriados
Dithmenos
Elyvilon
Fedhas
Gozag
Hepliaklqana
Kikubaaqudgha
Sif Muna
Trog
Uskayaw
Vehumet
Wu Jian
Yredelemnul
Zin

Shops:
D:11 (!::[*?*   D:15 [   Orc:2 **!(   Elf:1 :   Elf:2 :   Elf:3 ::=
Vaults:1 :   Vaults:5 ![=:   Depths:1 :(

Portals:
Hell: Depths:1 Depths:2 Depths:3 Depths:4
Abyss: Depths:1 Depths:3
Pandemonium: Depths:2 Depths:4
Ziggurat: Depths:4

Annotations:
D:3 1 runed translucent door, Crazy Yiuf
D:10 exclusion: obsidian statue
D:14 exclusion: 2 obsidian statues
Lair:5 exclusion: 2 oklob plants
Elf:2 4 runed translucent doors


Innate Abilities, Weirdness & Mutations

You are immune to sickness and miasma.
You are immune to poison.
Your flesh is very heat resistant. (rF++)
You are vulnerable to cold. (rC-)
You float through the air rather than walking.
You learn spells naturally, not from books.
Your magical power is your life essence.
You have superior vitality. (+4 MHP)
You have sharp fingernails.
You are somewhat resistant to further mutation.


Message History

You block the storm dragon's attack. x2; The shadow dragon bites you!
* * * LOW HITPOINT WARNING * * *
The shadow dragon claws you!
* * * LOW HITPOINT WARNING * * *
The shadow dragon closely misses you.
You pulverise the shadow dragon!!!
The shadow dragon is heavily wounded.
The lindwurm misses you. x3; You block the red draconian's attack.
You block the death drake's attack. The storm dragon completely misses you.
The storm dragon claws you!
* * * LOW HITPOINT WARNING * * *
The storm dragon completely misses you. The shadow dragon misses you. x2
You block the shadow dragon's attack.
You pummel the shadow dragon!!
The shadow dragon is heavily wounded.
The green draconian rages.
The lindwurm completely misses you. x2; You block the lindwurm's attack.
You block the red draconian's attack. You block the storm dragon's attack.
The storm dragon completely misses you. The storm dragon tramples you!
* * * LOW HITPOINT WARNING * * *
You hold your ground!
The death drake completely misses you.
You are too berserk!
You hit the red draconian.
The red draconian is heavily wounded.
You block the shadow dragon's attack. x2
The shadow dragon completely misses you.
The moth of wrath goads the death drake on!
The death drake goes berserk!
The red draconian hits you with a +0 mace.
* * * LOW HITPOINT WARNING * * *
The lindwurm closely misses you. The lindwurm completely misses you.
You block the lindwurm's attack.
The storm dragon bites you but does no damage.
The storm dragon completely misses you. You block the storm dragon's attack.
The purple draconian shifter mumbles some strange words.
The purple draconian shifter blinks!
You pummel the red draconian!!
The red draconian is severely wounded.
The death drake completely misses you. The shadow dragon bites you!
You die...

##....... ..⌠....#
......# .§...#
....## ....##
#kd..## #@kd..## #.
#DDd...# ##.
##yX..#..# ##...
##qq..## .##
#....##.....## .## .
....y#d......##
#..##..
#..d..§.#...##......
##.)).§.##..........
#.qd)D.>###.....##.


You could see a shadow dragon (berserk), a tentacled monstrosity, a storm dragon
(berserk), a black draconian (berserk), a green draconian (berserk), a red
draconian (berserk), a purple draconian shifter, a white draconian stormcaller,
a death drake (summoned, berserk), a lindwurm (summoned, berserk) and a moth of
wrath.

Vanquished Creatures
  2 dread liches (Vaults:5)
  An ancient lich (Abyss:1)
  Mara (Vaults:3)
  2 orbs of fire
  Vv (Depths:4)
  Boris (Depths:3)
  Bai Suzhen (Vaults:5)
  3 shard shrikes
  A curse toe (Zot:3)
  A profane servitor (Abyss:5)
  4 bone dragons
  5 golden dragons
  Arachne (Spider:2)
  The ghost of abarbat the Executioner, an adept MiBe of Trog (Vaults:3)
  Jorgrun (Orc:2)
  3 electric golems
  13 tentacled monstrosities
  An iron giant (Depths:2)
  A walking crystal tome (Depths:4)
  4 liches
  7 deep elf blademasters
  4 quicksilver dragons
  2 deep elf master archers (Elf:3)
  A shard shrike skeleton (Abyss:5)
  13 titans
  A walking divine tome (Depths:4)
  The ghost of Yfiec the Earth Mage, an adept SpVM of Vehumet (Vaults:3)
  8 tentacled starspawn
  Frances (Elf:1)
  An Executioner (Abyss:5)
  A kraken (Abyss:5)
  5 death cobs
  4 sphinxes
  A thorn hunter (Swamp:4)
  6 shadow dragons
  Kirke (Spider:2)
  5 tengu reavers
  Roxanne (D:14)
  Gastronok (D:12)
  3 draconian monks
  11 storm dragons
  8 draconian knights
  A fenstrider witch (Swamp:3)
  14 frost giants
  17 fire giants
  3 iron dragons
  2 emperor scorpions
  9 deep elf sorcerers
  An imperial myrmidon (Desolation)
  3 draconian scorchers
  9 ghost moths
  A balrug (Zot:4)
  Louise (Elf:1)
  5 draconian shifters
  20 vault wardens
  7 draconian stormcallers
  The ghost of ooooo the Devastator, an adept OpCj of Gozag (Swamp:3)
  2 orc warlords
  2 broodmothers
  5 deep elf elementalists
  4 ghouls (Swamp:2)
  A spriggan defender (Depths:4)
  4 war gargoyles
  A quicksilver ooze (Gauntlet)
  6 ironbound thunderhulks
  13 ironbound preservers
  14 stone giants
  4 draconian annihilators
  4 vampire knights
  An eleionoma (Swamp:2)
  13 green draconians
  2 halazid warlocks (Desolation)
  36 very ugly things
  3 bunyips
  4 deep elf demonologists (Elf:3)
  13 purple draconians
  11 black draconians
  11 dire elephants
  8 deep elf annihilators
  9 red draconians
  11 yellow draconians
  A minotaur (Gauntlet)
  8 spark wasps
  5 deep elf death magi
  10 white draconians
  Josephine (D:13)
  A blizzard demon (Abyss:2)
  Snorg (D:12)
  A green death (Abyss:5)
  2 great orbs of eyes
  18 ettins
  13 fire dragons
  A shambling mangrove (Swamp:4)
  Fannar (Lair:2)
  A crystal guardian (Desolation)
  4 servants of whispers (Desolation)
  4 ragged hierophants (Desolation)
  19 yaktaur captains
  13 deep elf high priests
  Erolcha (D:12)
  12 boulder beetles
  7 ice dragons
  4 jorogumos
  68 starcursed masses
  A hydra (shapeshifter) (Depths:3)
  40 vault guards
  6 peacekeepers
  3 rakshasas
  2 ghost crabs
  26 hydras
  3 naga warriors (Abyss:5)
  14 centaur warriors
  2 ogre magi (Vaults:5)
  8 ironbound frosthearts
  4 alligators
  4 radroaches
  18 dancing weapons
  4 spriggan air magi
  19 two-headed ogres
  A death knight (Abyss:5)
  2 deep troll earth magi
  2 deep troll shamans
  25 death yaks
  The ghost of enile the Fighter, a novice DjFE of Makhleb (D:8)
  8 tengu warriors
  3 vampire magi
  Urug (D:11)
  15 thrashing horrors
  10 spriggan berserkers
  A hell hog (Abyss:5)
  4 orc high priests (Orc:2)
  11 deep elf knights
  Nergalle (D:12)
  A sixfirhy (Abyss:5)
  6 iron trolls (Zot:3)
  12 wretched stars
  6 pharaoh ants
  6 hell knights (Depths:1)
  5 spatial maelstroms
  3 sun moths
  2 death drakes
  5 skeletal warriors (D:13)
  4 goliath frogs
  A goliath frog (shapeshifter) (Depths:4)
  16 orb spiders
  4 glowing orange brains
  5 flayed ghosts
  An anaconda zombie (Abyss:2)
  5 spriggan druids
  14 swamp dragons
  5 bog bodies
  59 deep trolls
  4 deep elf archers
  6 steelbarb worms
  7 phantasmal warriors
  12 wizards
  12 deep elf pyromancers
  11 orc knights
  17 lindwurms
  13 deep elf zephyrmancers
  23 ironbound convokers
  A sphinx zombie (Vaults:3)
  19 wolf spiders
  7 will-o-the-wisps
  A mana viper (shapeshifter) (Depths:1)
  2 harpies (shapeshifter)
  43 ugly things
  4 necromancers
  A stone giant zombie (Abyss:5)
  5 orc sorcerers
  2 cyclopes
  4 manticores
  34 moths of wrath
  A frost giant zombie (Vaults:3)
  5 worldbinders
  A fire giant zombie (Vaults:3)
  11 elephants
  A fire giant skeleton (Vaults:3)
  8 black mambas
  6 guardian serpents
  2 human skeletons (Vaults:3)
  5 apocalypse crabs
  14 vault sentinels
  3 rust devils
  5 torpor snails
  10 smoke demons (Abyss:5)
  An ice statue (Abyss:5)
  4 molten gargoyles
  A hellion (Abyss:5)
  12 cane toads
  3 gargoyles (D:11)
  11 rime drakes
  An unseen horror (Abyss:5)
  An orange demon (Abyss:2)
  2 kobold demonologists
  5 demonic crawlers
  15 komodo dragons
  4 freezing wraiths
  Psyche (D:8)
  Maggie (D:8)
  6 efreet
  4 tengu conjurers
  8 ancient zymes
  A hellwing (Abyss:1)
  31 yaktaurs
  2 ice devils (Lair:1)
  A red devil (Depths:4)
  A wolf spider simulacrum (D:15)
  A polar bear (shapeshifter) (Vaults:5)
  A polar bear (Lair:6)
  9 trolls
  A meliai (D:11)
  A harpy skeleton (Abyss:5)
  2 hornets (shapeshifter)
  17 blink frogs
  42 saltlings (Desolation)
  14 hornets
  27 tarantellas
  27 raiju
  6 tyrant leeches
  A stone giant simulacrum (Vaults:3)
  16 slime creatures
  30 jumping spiders
  3 air elementals
  A flying skull (Gauntlet)
  8 ynoxinuls
  19 culicivoras
  18 spriggans
  4 wraiths (D:13)
  A spriggan (shapeshifter) (D:15)
  A naga simulacrum (Abyss:2)
  5 shadows
  A dire elephant simulacrum (Abyss:5)
  A water elemental (Elf:2)
  Eustachio (D:7)
  An alligator snapping turtle simulacrum (Abyss:2)
  5 fire elementals
  A human (shapeshifter) (Abyss:5)
  A fire bat (Abyss:2)
  26 large abominations
  3 basilisks
  46 yaks
  5 hogs (Spider:2)
  Grum (D:9)
  6 wyverns
  11 golden eyes (Abyss:5)
  4 chaos spawn
  A steam dragon (Lair:6)
  29 redbacks
  10 vampire mosquitoes
  9 small abominations
  14 neqoxecs
  A yaktaur simulacrum (Vaults:3)
  3 spatial vortices
  5 wargs
  18 swamp worms
  A two-headed ogre zombie (D:11)
  2 nagas (Abyss:5)
  4 acid dragons
  23 water moccasins
  3 hell hounds (Abyss:5)
  10 swamp drakes
  2 ice beasts
  4 black bears
  28 orc warriors
  A sky beast (shapeshifter) (D:14)
  4 sky beasts
  A tengu (shapeshifter) (Elf:2)
  4 wolves
  11 ogres
  10 centaurs
  5 phantoms
  2 elf zombies (Ossuary)
  4 kobold brigands
  3 gnoll sergeants
  14 bullfrogs
  2 necrophages
  4 earth elementals
  7 scorpions
  12 wights
  3 killer bees (D:7)
  9 electric eels
  A howler monkey (D:5)
  A crimson imp (Abyss:2)
  4 jellies
  2 quasits
  5 hounds
  12 orc priests
  A gnoll shaman (D:10)
  9 human zombies
  10 iguanas
  5 iron imps
  22 orc wizards
  5 hell rats (Lair:6)
  7 ogre zombies (D:11)
  2 mummies (Ossuary)
  32 gnolls
  7 adders
  A shadow imp (D:6)
  A white imp (D:8)
  5 worms
  3 dart slugs
  82 orcs
  3 ball pythons
  3 bats
  11 endoplasms
  4 giant cockroaches
  8 goblins
  8 hobgoblins
  6 jackals
  4 quokkas
  3 frilled lizards
  3 goblin skeletons (D:11)
  7 goblin zombies
  A hobgoblin skeleton (D:11)
  13 hobgoblin zombies
  A jackal zombie (Ossuary)
  18 kobolds
  10 kobold zombies (Ossuary)
  2 orc skeletons (D:11)
  19 orc zombies
  2 rats (D:2)
  2 foxfires (Swamp:1)
  3 lurking horrors
  8 starspawn tentacles
  3 tentacles (Abyss:5)
2411 creatures vanquished.

Vanquished Creatures (collateral kills)
  2 very ugly things (Depths:3)
  An ettin (Depths:3)
3 creatures vanquished.

Vanquished Creatures (others)
  A tentacled monstrosity (Zot:3)
  A red draconian (Zot:1)
  A vault guard (Vaults:4)
  A deep troll (Depths:2)
  A torpor snail (Spider:1)
  A yaktaur (Vaults:4)
  An ancient zyme (Abyss:5)
  A bloated husk (Swamp:2)
  A raiju (Abyss:5)
  2 water elementals
  An air elemental (D:12)
  A culicivora (Spider:1)
  A fire elemental (Elf:2)
  A swamp worm (Gauntlet)
  22 foxfires
  23 fungi
  4 lurking horrors
  68 plants
  23 starspawn tentacles
  3 tentacles (Abyss:5)
158 creatures vanquished.

Grand Total: 2572 creatures vanquished

Notes
Turn   | Place    | Note
-------+----------+-------------------------------------------
     0 | D:1      | frimble the Djinni Warper began the quest for the Orb.
     0 | D:1      | Reached XP level 1. HP: 18/18 MP: 0/0
    47 | D:1      | Reached XP level 2. HP: 16/23 MP: 0/0
    55 | D:1      | Reached skill level 1 in Throwing
   843 | D:1      | Reached XP level 3. HP: 19/28 MP: 0/0
   843 | D:1      | Learned a level 1 spell: Sting
  1810 | D:2      | Reached XP level 4. HP: 29/34 MP: 0/0
  2099 | D:2      | HP: 1/34 [gnoll/+0 flail (11)]
  2619 | D:2      | Identified a scroll of acquirement
  2619 | D:2      | Acquired 585 gold pieces
  2664 | D:3      | Reached XP level 5. HP: 36/40 MP: 0/0
  2664 | D:3      | Learned a level 2 spell: Corpse Rot
  2872 | D:3      | Found a runed translucent door.
  2873 | D:3      | Noticed Crazy Yiuf
  3431 | D:3      | Noticed a phantom
  3605 | D:4      | Reached XP level 6. HP: 23/46 MP: 0/0
  3909 | D:4      | Reached skill level 1 in Long Blades
  4443 | D:3      | Reached skill level 2 in Unarmed Combat
  4443 | D:3      | Reached XP level 7. HP: 44/50 MP: 0/0
  4443 | D:3      | Learned a level 2 spell: Passwall
  4637 | D:3      | Acquired a manual of Dodging
  4767 | D:3      | Reached skill level 3 in Unarmed Combat
  4813 | D:3      | Found an opulent altar of Gozag.
  5379 | D:4      | Reached skill level 5 in Dodging
  5986 | D:5      | Entered Level 5 of the Dungeon
  5998 | D:5      | Reached skill level 4 in Unarmed Combat
  6579 | D:5      | Reached skill level 5 in Unarmed Combat
  6579 | D:5      | Reached XP level 8. HP: 29/57 MP: 0/0
  6959 | D:5      | Reached skill level 6 in Unarmed Combat
  7106 | D:5      | Found a staircase to the Ecumenical Temple.
  7181 | D:5      | Reached skill level 7 in Unarmed Combat
  7821 | D:5      | Reached skill level 8 in Unarmed Combat
  7821 | D:5      | Reached XP level 9. HP: 51/61 MP: 0/0
  7821 | D:5      | Learned a level 4 spell: Passage of Golubria
  8079 | D:5      | Reached skill level 10 in Dodging
  8102 | D:5      | Reached skill level 9 in Unarmed Combat
  8590 | D:5      | Found a white marble altar of Elyvilon.
  8645 | Temple   | Entered the Ecumenical Temple
  8723 | Temple   | Became a worshipper of Cheibriados the Contemplative
  9053 | D:6      | Reached skill level 10 in Unarmed Combat
 10480 | D:6      | Reached skill level 1 in Invocations
 10569 | D:6      | Reached * piety under Cheibriados
 10589 | D:6      | Reached skill level 5 in Fighting
 10762 | D:6      | Reached skill level 11 in Unarmed Combat
 10969 | D:6      | Reached XP level 10. HP: 11/70 MP: 0/0
 12134 | D:7      | Noticed Eustachio
 12147 | D:7      | Killed Eustachio
 12221 | D:7      | Reached skill level 12 in Unarmed Combat
 12341 | D:7      | Found a sand-covered staircase.
 12354 | D:7      | Reached ** piety under Cheibriados
 12386 | Ossuary  | Entered an ossuary
 12684 | Ossuary  | Reached skill level 1 in Evocations
 12694 | Ossuary  | Reached *** piety under Cheibriados
 13383 | D:8      | Found a runed translucent gate.
 13384 | D:8      | Found a runed translucent gate.
 13384 | D:8      | Found an opulent altar of Gozag.
 13385 | D:8      | Found a runed translucent gate.
 13385 | D:8      | Noticed Maggie
 13401 | D:8      | Killed Maggie
 13514 | D:8      | Noticed enile's ghost (novice DjFE)
 13734 | D:8      | Noticed a two-headed ogre
 13736 | D:8      | Noticed a tengu warrior
 13799 | D:8      | Found a shadowy altar of Dithmenos.
 14300 | D:8      | Found a glowing silver altar of Zin.
 14303 | D:8      | Found a hazy altar of Hepliaklqana.
 14306 | D:8      | Found an ornate altar of the Wu Jian Council.
 14384 | D:8      | Noticed Psyche
 14390 | D:8      | Killed Psyche
 14695 | D:9      | Reached skill level 13 in Unarmed Combat
 14695 | D:9      | Reached XP level 11. HP: 79/79 MP: 0/0
 14695 | D:9      | Learned a level 5 spell: Irradiate
 14697 | D:9      | Reached **** piety under Cheibriados
 14793 | D:9      | Noticed Grum
 14808 | D:9      | Killed Grum
 15512 | D:10     | Entered Level 10 of the Dungeon
 15519 | D:10     | Found a staircase to the Lair.
 15602 | D:9      | Reached ***** piety under Cheibriados
 15603 | D:9      | Reached skill level 14 in Unarmed Combat
 15818 | D:10     | Noticed an obsidian statue
 16167 | Lair:1   | Entered Level 1 of the Lair of Beasts
 16188 | Lair:1   | Reached skill level 5 in Spellcasting
 16218 | Lair:1   | Found a gate leading to a gauntlet.
 16225 | Gauntlet | Entered a Gauntlet
 16225 | Gauntlet | Noticed an oklob plant
 16225 | Gauntlet | Found a transporter.
 16237 | Gauntlet | Found a transporter.
 16240 | Gauntlet | Found a transporter.
 16242 | Gauntlet | Found a transporter.
 16262 | Gauntlet | Identified the +0 pair of boots of Music {rElec rN+ Int+3}
 16278 | Gauntlet | Found a transporter.
 16278 | Gauntlet | Found a transporter.
 16278 | Gauntlet | Found a transporter.
 16289 | Gauntlet | Found a transporter.
 16289 | Gauntlet | Found a transporter.
 16289 | Gauntlet | Found a transporter.
 16326 | Gauntlet | Found a runed translucent door.
 16326 | Gauntlet | Found a transporter.
 16328 | Gauntlet | Found a transporter.
 16328 | Gauntlet | Found a transporter.
 16368 | Gauntlet | Noticed a quicksilver ooze
 16396 | Gauntlet | Found a transporter.
 16402 | Gauntlet | Killed a quicksilver ooze
 16403 | Gauntlet | Reached XP level 12. HP: 59/89 MP: 0/0
 16461 | Gauntlet | Found the +3 crown of Dyrovepreva {rElec Int+2 SInv}
 16461 | Gauntlet | Identified the +4 halberd of the Unspeakable One {venom,
                  | Int+2}
 16461 | Gauntlet | Noticed a minotaur
 16477 | Gauntlet | Killed a minotaur
 16478 | Gauntlet | Reached skill level 5 in Invocations
 16844 | Lair:1   | HP: 4/90 [ice devil (23)]
 17002 | D:11     | Found Wihum's Weapon Shoppe.
 17091 | D:11     | Noticed Urug
 17111 | D:11     | Killed Urug
 17168 | D:11     | Found a staircase to the Orcish Mines.
 17248 | D:11     | Found Dawus's Magic Scroll Shoppe.
 17251 | D:11     | Found Zoxty's Assorted Antiques.
 17255 | D:11     | Noticed an eight-headed hydra
 17268 | D:11     | Found Vuoto's Assorted Antiques.
 17341 | D:11     | Bought a scroll of teleportation for 93 gold pieces
 17362 | D:11     | Reached ****** piety under Cheibriados
 17451 | D:11     | Found a large runed translucent door.
 17452 | D:11     | Found a large runed translucent door.
 17453 | D:11     | Found a large runed translucent door.
 17453 | D:11     | Found a large runed translucent door.
 17453 | D:11     | Noticed a two-headed ogre
 17458 | D:11     | Killed a two-headed ogre
 17463 | D:11     | Noticed a rakshasa
 17464 | D:11     | Noticed a centaur warrior
 17531 | D:11     | Noticed a two-headed ogre
 17545 | D:11     | Noticed a two-headed ogre
 17545 | D:11     | Noticed a two-headed ogre
 17549 | D:11     | Killed a two-headed ogre
 17550 | D:11     | Reached skill level 10 in Fighting
 17550 | D:11     | Noticed a boulder beetle
 17551 | D:11     | Killed a two-headed ogre
 17552 | D:11     | Reached XP level 13. HP: 65/96 MP: 0/0
 17552 | D:11     | Learned a level 5 spell: Yara's Violent Unravelling
 17563 | D:11     | Killed a boulder beetle
 17659 | D:11     | Bought a scroll of teleportation for 39 gold pieces
 17659 | D:11     | Bought a scroll of teleportation for 39 gold pieces
 17659 | D:11     | Bought a scroll of immolation for 45 gold pieces
 17659 | D:11     | Bought a scroll of magic mapping for 45 gold pieces
 17791 | D:11     | Found Riomumn's Book Emporium.
 17792 | D:11     | Found Beun's Armour Shop.
 17794 | D:11     | Found Wankamer's Book Shop.
 17871 | D:11     | Found Hiyr's Distillery.
 17876 | D:11     | Bought a potion of curing for 45 gold pieces
 17876 | D:11     | Bought a potion of curing for 45 gold pieces
 17876 | D:11     | Bought a potion of curing for 45 gold pieces
 17876 | D:11     | Bought a potion of heal wounds for 75 gold pieces
 17876 | D:11     | Bought a potion of heal wounds for 75 gold pieces
 18088 | D:11     | Killed an eight-headed hydra
 18145 | D:11     | Reached skill level 1 in Stealth
 18154 | D:11     | Noticed a seven-headed hydra
 18160 | D:11     | Killed a seven-headed hydra
 18162 | D:11     | Identified the +1 leather armour "Johu" {Dex+3}
 18292 | D:8      | Killed enile's ghost
 18632 | D:12     | Noticed Erolcha
 18644 | D:12     | Killed Erolcha
 18645 | D:12     | Reached skill level 15 in Unarmed Combat
 18755 | D:12     | Noticed Nergalle
 18765 | D:12     | Killed Nergalle
 18791 | D:12     | Noticed a five-headed hydra
 18799 | D:12     | Killed a five-headed hydra
 18858 | D:12     | Noticed Gastronok
 18869 | D:12     | Killed Gastronok
 19109 | D:12     | Found a large runed translucent door.
 19109 | D:12     | Found a large runed translucent door.
 19151 | D:12     | Noticed Snorg
 19166 | D:12     | Killed Snorg
 19882 | Lair:2   | Noticed Fannar
 19904 | Lair:2   | Killed Fannar
 19951 | Lair:2   | Reached XP level 14. HP: 105/105 MP: 0/0
 20194 | Lair:2   | Found a hole to the Spider Nest.
 20362 | Lair:2   | Found a staircase to the Swamp.
 21257 | Lair:3   | Reached skill level 16 in Unarmed Combat
 22068 | Lair:4   | Reached XP level 15. HP: 104/113 MP: 0/0
 22068 | Lair:4   | Learned a level 6 spell: Eringya's Noxious Bog
 23936 | Lair:6   | Entered Level 6 of the Lair of Beasts
 24217 | Lair:6   | Reached skill level 17 in Unarmed Combat
 24467 | Lair:6   | Reached skill level 10 in Spellcasting
 24656 | Lair:6   | Reached XP level 16. HP: 111/122 MP: 0/0
 25384 | D:12     | Paralysed by a yaktaur for 6 turns
 25500 | D:13     | Noticed Josephine
 25507 | D:13     | Killed Josephine
 26244 | D:14     | Identified Roxanne's Disquisition on Shape Shifting
 26244 | D:14     | Noticed Roxanne
 26262 | D:14     | Killed Roxanne
 26360 | D:14     | Found a gate to the Vaults.
 26502 | D:14     | Reached skill level 1 in Shields
 26711 | D:14     | Reached skill level 15 in Dodging
 27061 | D:15     | Entered Level 15 of the Dungeon
 27164 | D:15     | Found Ythahoh's Armour Emporium.
 27174 | D:15     | Bought a +1 buckler of protection for 231 gold pieces
 27352 | D:15     | Identified the +5 ring mail of Ammoas {rN++ Will++}
 27902 | D:15     | Reached XP level 17. HP: 125/130 MP: 0/0
 27902 | D:15     | Learned a level 7 spell: Monstrous Menagerie
 27908 | D:15     | Found a staircase to the Depths.
 28086 | Orc:1    | Entered Level 1 of the Orcish Mines
 28181 | Orc:1    | Reached skill level 18 in Unarmed Combat
 28194 | Orc:1    | You are sucked into a shaft and drop 1 floor!
 28194 | Orc:2    | Entered Level 2 of the Orcish Mines
 28194 | Orc:2    | Found Ajourima's General Store.
 28194 | Orc:2    | Found Buudgheb's Antique Weapon Emporium.
 28194 | Orc:2    | Found Etonip's General Store.
 28194 | Orc:2    | Found Vegetapn's Distillery.
 28255 | Orc:2    | Bought a potion of heal wounds for 70 gold pieces
 28255 | Orc:2    | Bought a potion of curing for 42 gold pieces
 28255 | Orc:2    | Bought a potion of berserk rage for 70 gold pieces
 28255 | Orc:2    | Bought a potion of might for 56 gold pieces
 28258 | Orc:2    | Bought a potion of berserk rage for 70 gold pieces
 28421 | Orc:2    | Found a staircase to the Elven Halls.
 28525 | Orc:2    | Noticed Jorgrun
 28539 | Orc:2    | Killed Jorgrun
 28540 | Orc:2    | Reached skill level 15 in Fighting
 29290 | Elf:1    | Entered Level 1 of the Elven Halls
 29370 | Elf:1    | Reached skill level 5 in Shields
 30130 | Elf:1    | Noticed Louise
 30146 | Elf:1    | Killed Louise
 30227 | Elf:1    | Noticed Frances
 30235 | Elf:1    | Killed Frances
 30395 | Elf:1    | Found Opuugeak's Book Boutique.
 30726 | Elf:2    | Found a large runed translucent door.
 30726 | Elf:2    | Found a large runed translucent door.
 30751 | Elf:2    | Found a large runed translucent door.
 30751 | Elf:2    | Found a large runed translucent door.
 30803 | Elf:2    | Found Odiell's Book Shop.
 31497 | Elf:3    | Entered Level 3 of the Elven Halls
 31665 | Elf:3    | Found Wiakopej's Book Shoppe.
 31666 | Elf:3    | Found Muimaapn's Jewellery Shop.
 31667 | Elf:3    | Found Duhaim's Book Shoppe.
 31818 | Elf:3    | Reached XP level 18. HP: 55/139 MP: 0/0
 32361 | Elf:3    | Noticed a deep elf blademaster
 32362 | Elf:3    | Identified the +6 halberd of Konwob {holy, *Corrode Dex+5}
 32728 | Elf:3    | Noticed a deep elf master archer
 32746 | Elf:3    | Killed a deep elf master archer
 32749 | Elf:3    | Killed a deep elf blademaster
 32757 | Elf:3    | Noticed a deep elf blademaster
 32771 | Elf:3    | Killed a deep elf blademaster
 33087 | Elf:3    | Noticed a deep elf blademaster
 33235 | Elf:3    | Killed a deep elf blademaster
 33417 | D:11     | Bought fading gold dragon scales for 2635 gold pieces
 33417 | D:11     | Identified the +1 gold dragon scales "Suwkuse" {Rampage
                  | rPois rF+ rC+ rN+} (You bought it in a shop on level 11 of
                  | the Dungeon)
 33642 | Elf:3    | Reached skill level 5 in Evocations
 34421 | Elf:3    | Noticed a deep elf master archer
 34427 | Elf:3    | Killed a deep elf master archer
 34643 | Elf:3    | Identified the +7 hand crossbow of Kusmoha {venom, rElec
                  | Str+5}
 34680 | Elf:3    | Identified the +0 cloak of Undesirable Species {rC++ rCorr
                  | Str+8 Int-4}
 34731 | Elf:3    | Got Pyabb's Compendium of Displacement and the Glacier
 35084 | Spider:1 | Entered Level 1 of the Spider Nest
 35476 | Spider:1 | Reached XP level 19. HP: 106/147 MP: 0/0
 35476 | Spider:1 | Learned a level 7 spell: Dragon Form
 36248 | Spider:2 | Noticed Arachne
 36269 | Spider:2 | Killed Arachne
 36453 | Spider:2 | Noticed Kirke
 36471 | Spider:2 | Killed Kirke
 37003 | Spider:2 | Reached skill level 19 in Unarmed Combat
 37442 | Spider:3 | Identified the +0 robe of the Changing Gods {Will- SInv
                  | Archmagi}
 38282 | Spider:4 | Entered Level 4 of the Spider Nest
 39261 | Spider:4 | Reached XP level 20. HP: 151/155 MP: 0/0
 39313 | Spider:4 | Got a gossamer rune of Zot
 39532 | Swamp:1  | Entered Level 1 of the Swamp
 39682 | Swamp:1  | Acquired 768 gold pieces
 40226 | Swamp:2  | Reached skill level 5 in Stealth
 40831 | Swamp:3  | Found a runed translucent door.
 40846 | Swamp:3  | Noticed ooooo's ghost (adept OpCj)
 40854 | Swamp:3  | Killed ooooo's ghost
 40905 | Swamp:3  | Paralysed by a fenstrider witch for 4 turns
 41212 | Swamp:4  | Entered Level 4 of the Swamp
 41317 | Swamp:4  | Reached skill level 20 in Unarmed Combat
 41421 | Swamp:4  | Got a decaying rune of Zot
 42007 | Vaults:1 | Entered Level 1 of the Vaults
 42218 | Vaults:1 | Reached XP level 21. HP: 164/164 MP: 0/0
 42218 | Vaults:1 | Learned a level 8 spell: Lehudib's Crystal Spear
 42312 | Vaults:1 | Found Kaow's Book Emporium.
 43955 | Vaults:2 | Found a staircase to the Crypt.
 43955 | Vaults:2 | Found a basalt altar of Yredelemnul.
 44676 | Vaults:3 | Cast into level 2 of the Abyss (a wizard)
 44703 | Abyss:2  | Found an opulent altar of Gozag.
 44817 | Abyss:2  | Found a corrupted altar of Lugonu.
 44930 | Abyss:2  | Paralysed by accursed screaming for 1 turns
 45126 | Vaults:3 | Escaped the Abyss
 45172 | Vaults:3 | Reached XP level 22. HP: 172/172 MP: 0/0
 45409 | Vaults:3 | Reached skill level 21 in Unarmed Combat
 45965 | Vaults:3 | Noticed Mara
 45974 | Vaults:3 | Noticed frimble's illusion
 45979 | Vaults:3 | Killed Mara
 46039 | Vaults:3 | Found a runed translucent gate.
 46039 | Vaults:3 | Found a runed translucent gate.
 46039 | Vaults:3 | Found a runed translucent gate.
 46040 | Vaults:3 | Noticed abarbat's ghost (adept MiBe)
 46040 | Vaults:3 | Noticed Yfiec's ghost (adept SpVM)
 46459 | Vaults:3 | Killed Yfiec's ghost
 46472 | Vaults:3 | Killed abarbat's ghost
 46473 | Vaults:3 | Reached skill level 15 in Spellcasting
 46745 | Vaults:4 | Found a crumbling gateway.
 46754 | Desolati | Entered the Desolation of Salt
 46798 | Desolati | Reached skill level 10 in Stealth
 46845 | Desolati | Identified the +2 halberd "Hydrabane" {drain, rElec Str+3
                  | Stlth+}
 46846 | Desolati | Identified the ring "Aczeoxt" {Will+ Str+6 Int-2 Slay+4}
 46848 | Desolati | Identified the ring "Logaxzum" {Str+4 Int+5 SInv Stlth+}
 47005 | Desolati | Reached XP level 23. HP: 167/180 MP: 0/0
 47005 | Desolati | Learned a level 8 spell: Infestation
 47014 | Desolati | Identified the ring of Secrets {Fire Will- Str+3 Dex+8}
 47022 | Desolati | Identified the ring "Tyisa" {Drain rPois rF+ Dex+5}
 47382 | Desolati | Identified the ring "Qery" {MP+9 Int+5}
 48806 | Depths:1 | Entered Level 1 of the Depths
 48917 | Depths:1 | Found an opulent altar of Gozag.
 49001 | Depths:1 | Found Anuwamn's Weapon Emporium.
 49006 | Depths:1 | Found Buetiask's Book Emporium.
 49257 | Depths:1 | Reached skill level 22 in Unarmed Combat
 49359 | Depths:1 | Found a gateway to Hell.
 49457 | Depths:1 | Found a one-way gate to the infinite horrors of the Abyss.
 49792 | Depths:1 | Voluntarily entered the Abyss.
 49877 | Abyss:1  | Gained mutation: You sometimes lose the ability to read
                  | scrolls when taking damage. [a neqoxec]
 49904 | Abyss:1  | Noticed an ancient lich
 49914 | Abyss:1  | Killed an ancient lich
 50094 | Abyss:1  | Paralysed by you for 7 turns
 50107 | Abyss:1  | Paralysed by you for 2 turns
 50147 | Abyss:2  | Found a corrupted altar of Lugonu.
 50327 | Abyss:2  | Found a corrupted altar of Lugonu.
 50678 | Abyss:2  | Noticed a profane servitor
 50767 | Abyss:5  | Entered Level 5 of the Abyss
 50946 | Abyss:5  | Found a corrupted altar of Lugonu.
 51121 | Abyss:5  | Found a corrupted altar of Lugonu.
 51240 | Abyss:5  | Paralysed by accursed screaming for 1 turns
 51252 | Abyss:5  | Lost mutation: You sometimes lose the ability to read
                  | scrolls when taking damage. [potion of mutation]
 51425 | Abyss:5  | Paralysed by accursed screaming for 1 turns
 51429 | Abyss:5  | Paralysed by accursed screaming for 1 turns
 51800 | Abyss:5  | Noticed a profane servitor
 51824 | Abyss:5  | Gained mutation: You occasionally shout uncontrollably at
                  | your foes. [a neqoxec]
 51825 | Abyss:5  | Killed a profane servitor
 52195 | Abyss:5  | Found a corrupted altar of Lugonu.
 52314 | Abyss:5  | Gained mutation: You have hidden genetic defects. [a
                  | neqoxec]
 52363 | Depths:1 | Escaped the Abyss
 52646 | Depths:2 | Lost mutation: You have hidden genetic defects. [potion of
                  | mutation]
 52646 | Depths:2 | Lost mutation: You occasionally shout uncontrollably at
                  | your foes. [potion of mutation]
 52646 | Depths:2 | Gained mutation: You have sharp fingernails. [potion of
                  | mutation]
 52944 | Depths:2 | Noticed a shard shrike
 53113 | Depths:2 | Noticed a shard shrike
 53128 | Depths:2 | Killed a shard shrike
 53128 | Depths:2 | Killed a shard shrike
 53141 | Depths:2 | Reached XP level 24. HP: 145/189 MP: 0/0
 53324 | Depths:2 | Found a hide-covered altar of Uskayaw.
 53462 | Depths:2 | Found a one-way gate leading to the halls of Pandemonium.
 54458 | Depths:3 | Noticed Boris
 54467 | Depths:3 | Killed Boris
 55054 | Depths:3 | Found the ring of the Octopus King
 55123 | Depths:3 | Identified a ring of the Octopus King {Wiz AC+1 EV+1 Str+1
                  | Int+1 Dex+1}
 55231 | Depths:3 | Found a blossoming altar of Fedhas.
 55404 | Depths:4 | Entered Level 4 of the Depths
 55404 | Depths:4 | Noticed Vv
 55427 | Depths:4 | Killed Vv
 55567 | Depths:4 | Found a gate to the Realm of Zot.
 55567 | Depths:4 | Noticed a golden dragon
 55578 | Depths:4 | Killed a golden dragon
 55733 | Depths:4 | Reached XP level 25. HP: 149/197 MP: 0/0
 55733 | Depths:4 | Learned a level 9 spell: Death's Door
 56066 | Depths:4 | Reached skill level 23 in Unarmed Combat
 56080 | Depths:4 | Found a one-way gateway to a ziggurat.
 56559 | Depths:4 | Found a portal to a secret trove of treasure.
 56563 | Depths:4 | You paid a toll of 15 scrolls of teleportation to enter a
                  | treasure trove
 56564 | Trove    | Entered a treasure trove
 56594 | Trove    | Identified the amulet "Jaumaz" {Reflect Fragile Will+ Str+4
                  | Int+2 SH+5}
 56602 | Trove    | Identified the ring "Tofuadgh" {rC++ Str+6}
 56622 | Trove    | Reached skill level 5 in Armour
 56622 | Trove    | Reached XP level 26. HP: 204/204 MP: 0/0
 56632 | Trove    | Identified the +1 ring mail "Foisaora" {Regen+}
 57147 | Vaults:5 | Entered Level 5 of the Vaults
 57291 | Vaults:5 | Noticed Bai Suzhen
 57316 | Vaults:5 | Noticed a dread lich
 57318 | Vaults:5 | Killed Bai Suzhen
 57334 | Vaults:5 | Killed a dread lich
 57499 | Vaults:5 | Noticed a dread lich
 57506 | Vaults:5 | Killed a dread lich
 58241 | Vaults:5 | Identified the +5 chain mail of Intercession {Contam rC++}
 58254 | Vaults:5 | Identified the +2 falchion "Zokhlisy" {vorpal, rF+}
 58287 | Vaults:5 | Identified the +2 leather armour of Inevitability {Regen+
                  | Str-2 Dex+2}
 58340 | Vaults:5 | HP: 6/206 [vault warden/+0 war axe (19)]
 58834 | Vaults:5 | Reached XP level 27. HP: 183/211 MP: 0/0
 58834 | Vaults:5 | Learned a level 9 spell: Fire Storm
 59572 | Vaults:5 | Got a silver rune of Zot
 59729 | Vaults:5 | Found Qotimp's Antique Armour Shoppe.
 59730 | Vaults:5 | Found Zeaxaf's Distillery.
 59734 | Vaults:5 | Found Uqyssem's Jewellery Boutique.
 59738 | Vaults:5 | Bought a potion of curing for 36 gold pieces
 59738 | Vaults:5 | Bought a potion of curing for 36 gold pieces
 59738 | Vaults:5 | Bought a potion of curing for 36 gold pieces
 59738 | Vaults:5 | Bought a potion of curing for 36 gold pieces
 59738 | Vaults:5 | Bought a potion of brilliance for 48 gold pieces
 59738 | Vaults:5 | Bought a potion of might for 48 gold pieces
 59738 | Vaults:5 | Bought a potion of might for 48 gold pieces
 59749 | Vaults:5 | Found Oguvoef's Book Shoppe.
 60664 | Zot:1    | Entered Level 1 of the Realm of Zot
 60749 | Zot:1    | Reached skill level 24 in Unarmed Combat
 61341 | Zot:1    | Noticed an orb of fire
 61350 | Zot:1    | Gained mutation: You are frail. (-10% HP) [an orb of fire]
 61352 | Zot:1    | Killed an orb of fire
 61958 | Zot:2    | Reached skill level 10 in Armour
 62559 | Zot:2    | HP: 7/193 [purple draconian shifter/bolt of dispelling
                  | energy (47)]
 62560 | Zot:2    | HP: 2/193 [black draconian knight/bolt of cold (5)]
 63082 | Zot:2    | Lost mutation: You are frail. (-10% HP) [potion of
                  | mutation]
 63082 | Zot:2    | Lost mutation: You have sharp fingernails. [potion of
                  | mutation]
 63082 | Zot:2    | Gained mutation: You have sharp fingernails. [potion of
                  | mutation]
 63082 | Zot:2    | Gained mutation: You are somewhat resistant to further
                  | mutation. [potion of mutation]
 63312 | Zot:2    | Found a glowing silver altar of Zin.
 63759 | Zot:3    | Noticed an orb of fire
 63763 | Zot:3    | Killed an orb of fire
 64726 | Zot:3    | Reached skill level 25 in Unarmed Combat
 66045 | Zot:4    | Noticed a shard shrike
 66061 | Zot:4    | Killed a shard shrike
 66927 | Zot:4    | Reached skill level 26 in Unarmed Combat
 66971 | Zot:4    | HP: 12/330 [storm dragon (17)]
 66973 | Zot:4    | Slain by a shadow dragon

Illustrated notes

Levels and vault maps discovered:
D:1:      dpeg_arrival_connections, layout_rooms, minmay_pentomino_r2
D:2:      layout_basic
D:3:      layout_loops_corners, mainiacjoe_overflow_brackets,
          minmay_fractal_squares_5, uniq_crazy_yiuf_cottage
D:4:      layout_basic, minmay_manual_monolith
D:5:      minmay_bubble_buster, layout_rooms, nicolae_elyvilon_temple_path,
          minmay_temple_entry_mist, kennysheep_generic_room_2
D:6:      layout_basic, hex_tiny
D:7:      layout_basic, nicolae_ossuary_entry_ruins, minmay_crystal_water,
          sword_in_stone
D:8:      layout_basic, lemuel_tele_altar, grunt_temple_overflow_cloverleaf,
          ebering_ghost_gozag, uniq_psyche, uniq_maggie
D:9:      layout_basic, uniq_grum
D:10:     layout_rooms, lair_entry_dummy, minivault_16,
          chequers_serial_rivers_micro_e
D:11:     layout_basic, zombieorc2_lemuel, serial_shops, shop_statue,
          nicolae_shop_waterfront, nicolae_shop_crystal, nicolae_stop_n_shop_1,
          nicolae_shop_bloodbath_and_beyond, nicolae_wooded_promenade,
          minmay_hollow_rounded_squares, uniq_urug
D:12:     layout_loops_corners, lightli_elemental_guards, uniq_gastronok,
          uniq_snorg, uniq_erolcha, uniq_nergalle
D:13:     nicolae_cairo_tiling_large_dashed, layout_loops_ring,
          minmay_stone_trees_small, uniq_josephine
D:14:     layout_irregular_city, erik_vaults_1, chequers_serial_rivers_micro_b,
          minmay_door_square, dk_noncrumbling_3, minmay_tree_intersection,
          minmay_more_statues, uniq_roxanne
D:15:     grunt_enter_depths_hoard, layout_grid_maze, serial_shops, shop
Temple:   regret_index_temple_generic_petals
Lair:1:   layout_roguey, gauntlet_entry_generic, portal_ice_cave_demonic_guard
Lair:2:   layout_layer_cave, skrybe_swamp_entry_bodies,
          nicolae_spider_entry_non_spiders, st_stairs_5, uniq_fannar
Lair:3:   nzn_winding_woodlands_three_and_one
          [nzn_winding_woodlands_5x15_lazy_stream,
          nzn_winding_woodlands_5x15_default,
          nzn_winding_woodlands_5x15_longhouse,
          nzn_winding_woodlands_center_lodge], layout_gridlike
Lair:4:   beast_lair_carwin_large_3, layout_hall_layers,
          infiniplex_staircase_pool
Lair:5:   layout_cave_pods, minmay_slime_entry_oklob_enclosed, minmay_holes,
          minivault_19, serial_bayou_lagoon_b
Lair:6:   guppyfry_lair_end_dragon, layout_loops_ring,
          chequers_serial_rivers_micro_b, serial_bayou_lake_a,
          serial_bayou_shore_a
Swamp:1:  layout_basic_swamp, infiniplex_staircase_pool_2, hangedman_swamp_dais
Swamp:2:  layout_basic_swamp, evilmike_swamp_ruin_rubble_1,
          nzn_swamp_dancing_lights
Swamp:3:  layout_basic_swamp, ebering_ghost_reflecting_pool,
          evilmike_swamp_ruin_house_2, swamp_pool5
Swamp:4:  swamp_alternative, layout_basic_swamp
Spider:1: layout_spider_delve
Spider:2: layout_chambers, nicolae_spider_spiderdrome, uniq_arachne, uniq_kirke
Spider:3: layout_cave_pods, nicolae_spider_some_kinda_spiderbox
Spider:4: grunt_spider_rune_parallel
Orc:1:    layout_caves
Orc:2:    grunt_orc_tribal_feast, layout_caves, uniq_jorgrun
Elf:1:    layout_onion_city, serial_shops, nicolae_shop_waterfront, uniq_louise,
          uniq_frances
Elf:2:    elven_hall_of_blades_hangedman_alternative
          [nicolae_blade_entry_splitting_headache], layout_gridlike,
          serial_shops, nicolae_shop_trees
Elf:3:    minmay_elf_hall_not_hex, layout_loops_cross, minmay_shop_grove
Vaults:1: nicolae_vaults_asterisk, hangedman_vaults_cutoff,
          vaults_room_grunt_arrival_checkpoint, v_misc_23, v_misc_9,
          nicolae_vaults_mini_display_case, hangedman_vaults_capsules,
          nicolae_vaults_alarming, v_misc_25, v_misc_23, vaults_room_door_ring,
          vaults_room_door_ring, v_misc_13, nicolae_vaults_little_squares_1,
          vaults_dpeg_ring, vaults_dpeg_cross, layout_vaults_omnicross,
          serial_shops, shop
Vaults:2: minmay_crypt_entry_necro_gods, v_rooms_3, vaults_room_fancy_cross,
          nicolae_vaults_little_squares_6, vaults_room_door_hall,
          dpeg_vaults_monster_box, layout_vaults_omnigrid
Vaults:3: gammafunk_ghost_cemetery, nicolae_vaults_border_crossing, v_misc_5,
          v_misc_3, ontoclasm_vaults_ring_large, ontoclasm_vaults_chip,
          hangedman_vaults_unwind, v_misc_24,
          hangedman_vaults_stretched_pinwheel, vaults_standard_mumra_lines,
          v_misc_17, nicolae_vaults_inception_statues,
          vaults_room_stairs_pillars, layout_vaults_maze_snakey, uniq_mara
Vaults:4: portal_desolation_entry_ruin, vaults_room_fours,
          vaults_room_semicircle, vaults_room_fancy_cross, v_alt_pattern_4,
          hangedman_vaults_snaps, v_misc_24, ontoclasm_vaults_loading_screen,
          ontoclasm_vaults_misaligned, v_misc_22, vaults_room_door_hall,
          grunt_vaults_diagonal, layout_vaults_big_room
Vaults:5: uniq_bai_suzhen
Depths:1: layout_roguey, nicolae_gozag_seed_capital, abyss_entry,
          grunt_metal_band, minivault_22, tgw_sif, serial_bayou_shore_b,
          serial_bayou_shore_b, minmay_shop_star
Depths:2: kennysheep_room_grid, layout_gridville, grunt_pan_entry_spiral,
          hell_entry, nicolae_uskayaw_murder_on_the_dancefloor,
          dilly_guarded_unrand_elemental_staff
Depths:3: grunt_double_whammy, layout_small_grid, pf_hell_entry_tar_spiral,
          abyss_entry_crystal, kennysheep_decorative_pillar, fedhas_altar_4,
          serial_bayou_shore_b, uniq_boris
Depths:4: grunt_zot_entry_tricorne, layout_cave_pools, enter_ziggurat_b,
          pf_vacation_house_of_asmodeus, hellmonk_bongcloud_opening,
          rand_demon_pan_entry_3, enter_trove_5, roderic_lattice_a,
          uniq_margery, uniq_vv
Zot:1:    layout_misc_corridors, grunt_ministairs_6, hangedman_spider_trapstep
Zot:2:    nicolae_moth_party, layout_cellular_growth, basic_altar,
          lemuel_elevator
Zot:3:    lemuel_halls_of_wrath, layout_gridlike
Zot:4:    layout_onion, hangedman_zot_spectrum

Skill      XL: |  1  2  3  4  5  6  7  8  9 10 11 12 13 14 15 16 17 18 19 20 21 22 23 24 25 26 27 |
---------------+----------------------------------------------------------------------------------+-----
Throwing       | 1 |  1.1
Short Blades   | 2 |  2.7
Dodging        | 3 6 9 11 12 13 14 15 16 17 | 17.7
Fighting       | 3 5 7 9 10 11 12 13 14 15 16 17 18 19 20 21 22 24 | 24.9
Spellcasting   | 3 5 6 7 8 10 11 12 13 14 15 16 17 | 17.2
Long Blades    | 1 |  1.4
Unarmed Combat | 2 5 8 11 13 14 15 16 17 18 19 20 21 22 23 26 | 26.0
Invocations    | 2 4 6 8 9 |  9.3
Evocations     | 3 6 8 |  8.1
Stealth        | 3 4 6 8 10 | 10.0
Shields        | 3 7 |  7.3
Armour         | 5 7 10 | 10.0

Action                   |  1- 3 |  4- 6 |  7- 9 | 10-12 | 13-15 | 16-18 | 19-21 | 22-24 | 25-27 || total
-------------------------+-------+-------+-------+-------+-------+-------+-------+-------+-------++-------
Melee: Short sword       |    92 |    39 |       |       |       |       |       |       |       ||   131
       Punch             |     2 |     1 |    22 |    70 |   107 |    75 |       |       |       ||   277
       Falchion          |       |    57 |   151 |       |       |       |       |       |       ||   208
       Unarmed           |       |       |   137 |   671 |   823 |   931 |  1570 |  2298 |  1208 ||  7638
 Fire: Hunting sling     |     3 |       |     1 |       |       |       |       |       |       ||     4
Throw: Javelin           |       |       |     8 |       |       |       |       |       |       ||     8
       Boomerang         |       |       |     5 |       |       |       |       |       |       ||     5
 Cast: Blink             |     1 |     4 |    15 |    14 |     3 |    17 |     3 |     7 |     7 ||    71
       Sting             |     8 |    43 |    89 |    30 |       |       |       |       |       ||   170
       Irradiate         |       |       |       |     5 |    34 |    51 |    29 |    78 |    27 ||   224
       Passwall          |       |       |       |     1 |       |       |    10 |    34 |       ||    45
       Passage of Golubr |       |       |       |       |     1 |       |       |       |       ||     1
       Eringya's Noxious |       |       |       |       |       |     7 |       |       |       ||     7
       Monstrous Menager |       |       |       |       |       |     3 |       |       |       ||     3
       Dragon Form       |       |       |       |       |       |       |     1 |       |       ||     1
       Infestation       |       |       |       |       |       |       |       |     1 |       ||     1
Invok: Slouch            |       |       |       |     2 |       |     5 |     3 |    10 |     5 ||    25
       Bend Time         |       |       |       |     1 |       |       |       |       |       ||     1
       Temporal Distorti |       |       |       |       |       |     1 |     1 |     1 |     1 ||     4
       Step From Time    |       |       |       |       |       |       |       |     2 |     1 ||     3
 Abil: End Transformatio |       |       |       |       |       |       |     1 |       |       ||     1
Evoke: Wand              |       |       |     1 |    12 |     7 |    19 |    20 |     1 |    13 ||    73
       Phial of floods   |       |       |       |       |       |     1 |       |       |     1 ||     2
       Condenser vane    |       |       |       |       |       |       |     3 |     1 |     7 ||    11
       Box of beasts     |       |       |       |       |       |       |       |       |     2 ||     2
  Use: Potion            |     1 |     4 |     1 |     4 |     1 |     3 |     2 |     6 |    12 ||    34
       Scroll            |     2 |     5 |     6 |    19 |     4 |    10 |     4 |     6 |    13 ||    69
 Stab: Sleeping          |       |     1 |       |     5 |    29 |    20 |    24 |    18 |     3 ||   100
       Invisible         |       |       |       |     9 |       |       |       |       |       ||     9
       Distracted        |       |       |       |       |     3 |     6 |     6 |    10 |     2 ||    27
       Confused          |       |       |       |       |       |       |       |       |     6 ||     6
Armor: Leather armour    |    21 |    24 |    57 |    28 |       |       |       |       |       ||   130
       Troll leather arm |       |       |       |    29 |    92 |    69 |   138 |   235 |    11 ||   574
       Ring mail         |       |       |       |       |       |    62 |       |       |       ||    62
       Gold dragon scale |       |       |       |       |       |       |       |       |   238 ||   238
Dodge: Dodged            |    59 |    83 |   306 |   624 |   835 |  1038 |  1401 |  2114 |   939 ||  7399
Block: Other             |       |       |       |    34 |   151 |   112 |       |       |       ||   297
       Reflection        |       |       |       |       |     2 |    37 |    46 |    72 |    41 ||   198
       Buckler           |       |       |       |       |       |   292 |  1049 |  1636 |   774 ||  3751

Table legend: (Time is in decaauts)
 A = Elapsed time spent in this place.
 B = Non-inter-level travel time spent in this place.
 C = Inter-level travel time spent in this place.
 D = Time resting spent in this place.
 E = Time spent auto-exploring this place.
 F = Levels seen in this place.
 G = Mean time per level.
                   A        B        C        D        E       F      G
               +--------+--------+--------+--------+--------+-----+--------+
         Total |  95443 |  88682 |   6761 |   6069 |  62760 |  58 | 1645.6 |
       Dungeon |  27532 |  25102 |   2430 |   1415 |  19286 |  15 | 1835.5 |
        Temple |    346 |    316 |     30 |    254 |     55 |   1 |  346.0 |
          Lair |  10916 |   9976 |    940 |    255 |   8007 |   6 | 1819.3 |
         Swamp |   3770 |   3524 |    246 |      0 |   2612 |   4 |  942.5 |
   Spider Nest |   7228 |   6813 |    415 |     44 |   5296 |   4 | 1807.0 |
  Orcish Mines |   2370 |   1860 |    510 |      0 |   1364 |   2 | 1185.0 |
   Elven Halls |   7835 |   7223 |    612 |    849 |   5035 |   3 | 2611.7 |
        Vaults |  13087 |  12020 |   1067 |    962 |   8662 |   5 | 2617.4 |
        Depths |   8184 |   7749 |    435 |    325 |   5831 |   4 | 2046.0 |
           Zot |   7919 |   7845 |     74 |   1724 |   4915 |   4 | 1979.8 |
         Abyss |   4191 |   4191 |      0 |    197 |    598 |   6 |  698.5 |
         Trove |    132 |    132 |      0 |      0 |     73 |   1 |  132.0 |
       Ossuary |    480 |    480 |      0 |      0 |    293 |   1 |  480.0 |
    Desolation |   1043 |   1043 |      0 |      0 |    678 |   1 | 1043.0 |
      Gauntlet |    404 |    404 |      0 |     42 |     52 |   1 |  404.0 |
               +--------+--------+--------+--------+--------+-----+--------+

Top non-repeatable levels by time:
   Elf:3: 3655 daAuts
     D:5: 3532 daAuts
Vaults:4: 3421 daAuts
   Zot:3: 3172 daAuts
Vaults:5: 2967 daAuts
    D:11: 2831 daAuts
  Lair:2: 2415 daAuts
Vaults:2: 2371 daAuts
Vaults:3: 2361 daAuts
     D:6: 2323 daAuts
   Zot:2: 2282 daAuts
   Elf:1: 2233 daAuts
Spider:2: 2155 daAuts
Depths:1: 2109 daAuts
Depths:3: 2105 daAuts
